Map: Primeval Wilds

Players

Dodo

  • Race: Terran Terran
  • Spawn Location: 9:00

Cageandbabys

  • Race: Protoss Protoss
  • League: Silver
  • Spawn Location: 3:00

NoTeXiTeS

  • Race: Protoss Protoss
  • Spawn Location: 12:00

Sceptre

  • Race: Protoss Protoss
  • Spawn Location: 12:00

Moebius

  • Race: Protoss Protoss
  • Spawn Location: 5:00

Exo

  • Race: Protoss Protoss
  • Spawn Location: 6:00

Infamous

  • Race: Protoss Protoss
  • League: Silver
  • Spawn Location: 7:00

DeadSoulQC

  • Race: Protoss Protoss
  • Spawn Location: 6:00

VOD

Have the link to the VOD?

Description

Time

  • Played on: April 4, 2018, 9:19 p.m.
  • Length: 12:31
Show
View Real Time Build Order
Export as new Build Order

Dodo Terran 

Build Orders:  

Get SALT Encoding   

  12  0:12  Supply Depot  
  12  0:28  SCV  
  13  0:41  Barracks, SCV  
  14  0:49  Refinery  
  14  0:53  SCV  
  15  1:05  SCV  
  15  1:06  Barracks  
  16  1:17  SCV  
  17  1:28  Marine  
  17  1:29  SCV  
  19  1:41  SCV  
  19  1:46  Marine  
  21  1:53  SCV  
  22  2:01  Marine  
  23  2:15  Factory  
  23  2:21  Refinery  
  23  2:35  Supply Depot x2  
  23  2:36  Supply Depot  
  23  2:42  Marine, Command Center  
  23  2:44  Marine  
  23  3:00  Marine, Factory Tech Lab  
  23  3:02  Marine, Starport  
  25  3:11  Armory  
  25  3:18  Marine  
  26  3:20  Marine  
  26  3:23  SCV  
  28  3:35  SCV  
  28  3:36  Marine  
  28  3:37  Marine  
  31  3:48  SCV  
  32  3:54  SCV  
  32  3:55  Refinery  
  33  3:59  Starport Reactor  
  33  4:00  SCV  
  34  4:06  SCV  
  34  4:08  Armory  
  34  4:09  Terran Ship Weapons Level 1  
  35  4:12  SCV  
  36  4:17  Siege Tank  
  36  4:18  SCV  
  40  4:28  Engineering Bay  
  40  4:30  SCV  
  41  4:39  Viking  
  41  4:42  SCV  
  44  4:54  Starport, SCV  
  45  5:00  Supply Depot  
  45  5:02  Supply Depot  
  45  5:03  Terran Vehicle And Ship Armor Level 1  
  45  5:07  SCV  
  46  5:19  SCV  
  47  5:33  Viking  
  47  5:35  Starport Reactor  
  49  5:41  Supply Depot  
  49  5:50  Sensor Tower  
  49  6:04  Supply Depot, Missile Turret x2  
  49  6:05  Viking x2  
  53  6:20  Missile Turret  
  53  6:24  Missile Turret, Viking  
  55  6:29  SCV  
  56  6:35  Viking x2  
  56  6:37  Viking  
  62  6:40  Missile Turret  
  62  6:42  SCV  
  62  6:45  SCV  
  64  6:47  Supply Depot  
  64  6:54  SCV  
  53  7:46  Viking  
  53  7:47  Viking x3  
  52  8:16  Viking  
  52  8:17  Viking x3  
  60  8:42  Terran Ship Weapons Level 2  
  60  8:46  Viking  
  60  8:47  Viking x3  
  68  9:16  Viking  
  68  9:17  Viking x3  
  76  9:35  Supply Depot  
  76  9:37  Terran Vehicle And Ship Armor Level 2  
  76  9:46  Viking  
  76  9:47  Viking x3  
  82  10:16  Viking  
  58  10:30  Viking x3  
  64  10:46  Viking  
  66  11:00  Viking x3  
  72  11:16  Viking  
  74  11:36  Viking x3  
  80  11:46  Viking  
Show
View Real Time Build Order
Export as new Build Order

Cageandbabys Protoss 

Build Orders:  

Get SALT Encoding   

  12  0:01  Probe  
  13  0:13  Probe  
  14  0:27  Probe  
  15  1:00  Pylon  
  15  1:18  Probe  
  16  1:30  Probe  
  17  1:38  Pylon  
  17  1:42  Probe  
  18  2:07  Gateway  
  18  2:55  Assimilator  
  18  2:59  Cybernetics Core  
  18  3:01  Zealot  
  18  3:06  Assimilator  
  20  3:28  Nexus  
  20  3:33  Pylon  
  20  3:39  Stalker  
  22  3:50  Pylon  
  22  5:57  Probe  
  23  6:04  Stargate  
  23  6:07  Probe  
  23  6:08  Forge  
  24  6:15  Probe  
  24  6:23  Probe  
  26  6:36  Probe  
  27  6:48  Probe  
  28  7:17  Void Ray  
  32  7:23  Assimilator  
  32  7:27  Pylon  
  32  7:32  Assimilator  
  32  7:35  Photon Cannon  
  32  7:39  Photon Cannon  
  32  7:42  Shield Battery  
  28  7:55  Fleet Beacon  
  28  7:58  Stargate  
  17  8:02  Probe  
  12  8:09  Shield Battery  
  12  8:11  Photon Cannon  
  12  8:14  Probe  
  13  8:25  Probe  
  14  8:37  Probe  
  15  8:49  Probe  
  16  9:01  Probe  
  17  9:03  Pylon  
  17  9:10  Photon Cannon  
  17  9:13  Probe  
  17  9:14  Photon Cannon  
  18  9:22  Tempest  
  24  9:25  Probe  
  24  9:26  Tempest  
  24  9:30  Probe  
  31  9:37  Probe  
  33  9:38  Probe  
  34  9:48  Probe  
  34  9:49  Probe  
  36  10:00  Probe  
  36  10:01  Probe  
  36  10:06  Pylon  
  36  10:17  Tempest  
  36  10:18  Pylon  
  36  10:20  Protoss Ground Armor Level 1  
  38  10:42  Photon Cannon  
  38  10:44  Photon Cannon  
  38  10:49  Probe, Photon Cannon  
  39  11:01  Probe  
  40  11:12  Gateway  
  40  11:13  Probe  
  41  11:31  Tempest  
  47  11:33  Tempest  
  47  11:38  Probe  
  54  11:50  Probe  
  55  12:02  Probe  
  56  12:14  Probe  
  57  12:23  Cybernetics Core  
Show
View Real Time Build Order
Export as new Build Order

NoTeXiTeS Protoss 

Build Orders:  

Get SALT Encoding   

  12  0:21  Probe (Chrono Boost)  
  13  0:32  Probe (Chrono Boost)  
  14  0:40  Probe (Chrono Boost)  
  15  0:44  Pylon  
  15  1:02  Probe, Forge  
  16  1:06  Pylon  
  16  1:14  Probe (Chrono Boost)  
  17  1:20  Assimilator  
  17  1:24  Probe (Chrono Boost)  
  17  1:25  Assimilator  
  18  1:29  Probe (Chrono Boost)  
  19  1:40  Probe  
  20  2:01  Nexus  
  20  2:18  Photon Cannon  
  20  2:29  Gateway  
  20  2:31  Probe (Chrono Boost)  
  21  2:41  Probe (Chrono Boost)  
  22  2:46  Probe (Chrono Boost)  
  23  2:52  Assimilator x2  
  23  2:57  Probe  
  24  3:09  Probe  
  24  3:12  Pylon  
  25  3:13  Pylon  
  25  3:17  Pylon  
  25  3:24  Probe (Chrono Boost)  
  25  3:26  Probe (Chrono Boost)  
  28  3:37  Probe (Chrono Boost)  
  28  3:38  Probe (Chrono Boost), Cybernetics Core  
  29  3:42  Probe (Chrono Boost)  
  29  3:46  Probe  
  31  3:53  Probe  
  32  4:05  Probe  
  33  4:13  Protoss Shields Level 1  
  33  4:15  Stargate  
  33  4:19  Stargate  
  33  4:22  Protoss Air Armor Level 1 (Chrono Boost), Stargate  
  33  5:16  Void Ray x3  
  45  5:48  Probe (Chrono Boost)  
  46  5:56  Void Ray (Chrono Boost)  
  46  5:59  Probe (Chrono Boost)  
  46  6:03  Probe (Chrono Boost)  
  59  6:06  Void Ray x2 (Chrono Boost)  
  59  6:08  Stargate  
  60  6:15  Probe  
  60  6:16  Pylon  
  61  6:19  Pylon  
  61  6:22  Pylon  
  61  6:23  Pylon  
  61  6:27  Probe  
  62  6:33  Void Ray  
  62  6:37  Pylon  
  66  6:42  Void Ray  
  66  6:45  Twilight Council  
  70  6:49  Probe (Chrono Boost)  
  72  6:55  Probe (Chrono Boost)  
  72  7:00  Probe (Chrono Boost)  
  73  7:03  Probe (Chrono Boost)  
  73  7:13  Void Ray x2  
  73  8:29  Void Ray x2  
  73  8:30  Void Ray x2  
  65  8:43  Pylon  
  65  8:44  Protoss Shields Level 2  
  65  8:49  Pylon  
  65  8:52  Pylon  
  65  8:53  Protoss Air Weapons Level 1 (Chrono Boost)  
  57  9:12  Void Ray x3  
  57  9:13  Void Ray  
  73  9:55  Void Ray x2  
  81  10:15  Void Ray  
  81  10:16  Void Ray  
  81  10:37  Void Ray  
  81  10:38  Void Ray  
  89  10:58  Void Ray  
  93  11:40  Pylon  
  93  11:42  Pylon  
Show
View Real Time Build Order
Export as new Build Order

Sceptre Protoss 

Build Orders: Forge Fast Expand (FFE) 

Get SALT Encoding   

  12  0:03  Probe  
  13  0:15  Probe  
  14  0:25  Pylon  
  14  0:27  Probe  
  15  0:43  Probe  
  16  0:51  Forge  
  16  1:14  Probe, Assimilator  
  17  1:25  Nexus  
  17  1:26  Probe  
  18  1:32  Pylon  
  18  1:41  Photon Cannon  
  18  1:48  Photon Cannon  
  18  1:55  Pylon  
  18  2:19  Gateway  
  18  2:21  Photon Cannon  
  18  2:23  Photon Cannon  
  18  2:32  Assimilator  
  18  2:40  Photon Cannon  
  18  2:43  Photon Cannon  
  18  2:47  Assimilator  
  18  4:04  Cybernetics Core  
  18  4:11  Probe (Chrono Boost)  
  19  4:21  Probe (Chrono Boost)  
  20  4:25  Pylon  
  20  4:26  Probe (Chrono Boost)  
  21  4:34  Protoss Ground Weapons Level 1  
  21  4:36  Zealot  
  21  4:37  Probe  
  24  4:49  Probe  
  24  4:51  Shield Battery  
  25  4:52  Photon Cannon  
  25  4:56  Photon Cannon  
  25  5:01  Photon Cannon  
  25  5:08  Shield Battery  
  25  5:15  Pylon  
  25  5:19  Probe  
  26  5:23  Stalker  
  28  5:31  Probe, Stargate  
  29  5:36  Pylon  
  29  5:58  Stargate  
  29  6:18  Void Ray  
  33  6:30  Warp Gate  
  33  6:42  Shield Battery  
  33  6:50  Stargate  
  33  6:55  Probe  
  33  6:56  Photon Cannon  
  34  7:05  Assimilator  
  34  7:07  Probe (Chrono Boost)  
  35  7:18  Probe (Chrono Boost)  
  35  7:23  Probe (Chrono Boost)  
  36  7:34  Probe  
  37  7:46  Probe  
  38  8:33  Void Ray  
  42  8:42  Fleet Beacon  
  42  10:24  Tempest  
  42  10:26  Tempest  
  54  11:43  Probe  
  55  11:55  Probe  
Show
View Real Time Build Order
Export as new Build Order

Moebius Protoss 

Build Orders:  

Get SALT Encoding   

  12  0:02  Probe (Chrono Boost)  
  13  0:11  Probe (Chrono Boost)  
  14  0:16  Probe (Chrono Boost)  
  15  0:26  Pylon  
  15  0:30  Pylon  
  15  0:44  Probe  
  16  1:09  Forge  
  16  1:13  Pylon  
  16  1:18  Gateway  
  16  1:34  Probe (Chrono Boost), Assimilator  
  17  1:44  Probe (Chrono Boost)  
  17  1:45  Photon Cannon  
  18  1:58  Photon Cannon  
  18  2:04  Probe (Chrono Boost)  
  19  2:12  Assimilator  
  19  2:15  Probe (Chrono Boost)  
  20  2:19  Probe (Chrono Boost)  
  21  2:24  Cybernetics Core  
  21  2:31  Probe  
  22  2:40  Pylon  
  22  2:43  Probe  
  23  2:46  Zealot  
  25  2:55  Probe  
  26  3:06  Stargate  
  26  3:13  Zealot  
  26  3:19  Nexus  
  28  3:29  Photon Cannon  
  28  3:33  Probe (Chrono Boost)  
  29  3:34  Pylon  
  29  3:43  Probe (Chrono Boost)  
  29  3:48  Probe (Chrono Boost)  
  30  3:51  Pylon, Void Ray  
  35  4:01  Pylon  
  35  4:07  Stargate  
  35  4:09  Pylon  
  35  4:14  Probe (Chrono Boost)  
  36  4:24  Probe (Chrono Boost)  
  37  4:33  Photon Cannon  
  37  4:35  Probe (Chrono Boost)  
  37  4:36  Photon Cannon  
  37  4:38  Assimilator  
  38  4:45  Probe (Chrono Boost)  
  43  4:47  Void Ray (Chrono Boost)  
  43  4:50  Probe (Chrono Boost)  
  44  5:01  Photon Cannon  
  44  5:03  Probe  
  45  5:10  Photon Cannon  
  45  5:12  Assimilator  
  45  5:15  Probe  
  45  5:17  Void Ray (Chrono Boost)  
  50  5:27  Probe  
  51  5:34  Void Ray (Chrono Boost)  
  55  5:47  Robotics Facility  
  55  6:18  Probe  
  56  6:31  Probe  
  57  6:34  Observer  
  58  6:40  Pylon  
  58  6:43  Probe  
  59  6:50  Twilight Council  
  59  6:55  Probe, Observer  
  59  6:57  Pylon  
  61  7:07  Probe  
  62  7:32  Void Ray (Chrono Boost)  
  62  7:33  Void Ray (Chrono Boost)  
  71  7:37  Observer  
  71  7:46  Pylon  
  71  7:47  Stargate  
  51  9:01  Stargate  
  51  9:19  Void Ray x2 (Chrono Boost)  
  51  9:21  Void Ray (Chrono Boost)  
  63  9:34  Probe (Chrono Boost)  
  64  9:44  Probe (Chrono Boost)  
  65  9:45  Nexus  
  65  9:49  Probe (Chrono Boost), Void Ray (Chrono Boost)  
  70  10:00  Probe  
  83  10:07  Void Ray x2 (Chrono Boost)  
  83  10:09  Protoss Shields Level 1  
  83  10:12  Probe  
Show
View Real Time Build Order
Export as new Build Order

Exo Protoss 

Build Orders:  

Get SALT Encoding   

  12  0:28  Pylon  
  12  0:32  Pylon  
  12  0:36  Probe  
  12  0:41  Assimilator  
  13  0:47  Assimilator  
  13  0:48  Probe  
  14  1:00  Probe  
  14  1:01  Gateway  
  15  1:12  Probe  
  16  1:25  Probe  
  17  1:30  Forge  
  17  1:33  Nexus  
  17  1:40  Probe  
  18  1:52  Probe  
  18  1:53  Pylon  
  19  2:04  Probe  
  19  2:08  Cybernetics Core  
  20  2:14  Photon Cannon  
  20  2:16  Probe, Photon Cannon  
  21  2:28  Probe  
  22  2:43  Pylon  
  22  2:47  Stargate  
  22  2:53  Probe  
  23  3:05  Probe  
  24  3:08  Photon Cannon, Assimilator  
  24  3:11  Pylon  
  24  3:17  Probe  
  24  3:19  Stargate  
  25  3:26  Photon Cannon  
  25  3:29  Probe  
  26  3:38  Photon Cannon  
  26  3:41  Probe  
  27  3:53  Assimilator  
  27  3:55  Probe  
  28  3:58  Probe  
  29  4:04  Void Ray  
  29  4:07  Probe  
  34  4:10  Probe  
  34  4:14  Void Ray  
  39  4:19  Probe  
  39  4:23  Probe  
  41  4:26  Pylon  
  41  4:31  Probe  
  41  4:35  Probe  
  43  4:43  Probe  
  43  4:45  Protoss Air Weapons Level 1  
  44  4:47  Probe  
  45  4:53  Void Ray  
  45  4:56  Nexus  
  49  5:03  Probe  
  50  5:08  Probe  
  51  5:15  Probe  
  51  5:20  Probe  
  53  5:22  Stargate  
  53  5:27  Probe  
  54  5:32  Probe  
  54  5:33  Assimilator  
  55  5:37  Void Ray  
  55  5:38  Assimilator  
  55  5:39  Probe  
  55  5:41  Void Ray  
  64  5:52  Probe  
  65  6:03  Pylon  
  65  6:05  Cybernetics Core  
  65  6:07  Void Ray  
  69  6:13  Probe  
  69  6:18  Probe  
  71  6:22  Probe  
  73  6:25  Probe  
  73  6:27  Void Ray  
  73  6:29  Void Ray  
  73  6:30  Probe  
  82  6:34  Probe  
  82  6:37  Probe  
  82  6:39  Stargate  
  84  6:42  Probe  
  84  6:46  Probe  
  86  6:52  Protoss Air Armor Level 1  
  86  6:54  Probe  
  86  6:59  Probe  
  88  7:02  Void Ray  
  88  7:06  Probe  
  93  7:11  Probe  
  94  7:20  Fleet Beacon  
  70  7:32  Void Ray  
  74  7:38  Void Ray  
  56  7:54  Void Ray  
  60  8:04  Void Ray  
  60  8:28  Tempest  
  66  8:38  Void Ray  
  66  9:13  Carrier  
  72  9:17  Void Ray  
  76  9:30  Nexus  
  76  9:35  Protoss Air Weapons Level 2  
  76  9:44  Probe  
  77  9:47  Probe  
  77  9:51  Void Ray  
  82  9:56  Probe  
  82  9:59  Probe  
  84  10:08  Probe  
  84  10:11  Probe  
  86  10:41  Probe x2, Tempest, Void Ray  
  98  10:54  Probe x2  
  98  10:56  Probe  
  61  12:16  Probe  
Show
View Real Time Build Order
Export as new Build Order

Infamous Protoss 

Build Orders: 1 Gate Expand 

Get SALT Encoding   

  12  0:01  Probe  
  13  0:18  Probe  
  14  0:24  Pylon  
  14  0:31  Probe  
  14  0:33  Assimilator  
  15  0:37  Assimilator  
  15  0:44  Gateway  
  15  0:45  Probe  
  16  0:58  Probe  
  17  1:12  Nexus  
  17  1:15  Probe  
  18  1:28  Probe  
  18  1:32  Cybernetics Core  
  19  1:42  Pylon  
  19  1:44  Probe (Chrono Boost)  
  19  1:56  Probe (Chrono Boost)  
  19  1:58  Pylon  
  19  1:59  Zealot  
  22  2:02  Warp Gate (Chrono Boost)  
  22  2:06  Gateway  
  22  2:08  Probe (Chrono Boost)  
  23  2:19  Probe (Chrono Boost)  
  24  2:28  Pylon  
  26  2:30  Probe x2 (Chrono Boost)  
  26  2:40  Stargate  
  26  2:42  Probe  
  26  2:43  Probe  
  28  2:56  Forge  
  28  3:05  Probe  
  29  3:06  Probe  
  29  3:07  Pylon  
  31  3:20  Probe (Chrono Boost)  
  31  3:22  Probe (Chrono Boost), Stargate  
  31  3:24  Assimilator  
  32  3:27  Assimilator  
  32  3:32  Probe (Chrono Boost)  
  34  3:37  Probe (Chrono Boost)  
  34  3:39  Void Ray  
  38  3:48  Photon Cannon  
  38  3:51  Shield Battery  
  38  3:54  Pylon  
  38  3:57  Probe (Chrono Boost)  
  38  4:01  Probe (Chrono Boost)  
  40  4:09  Probe (Chrono Boost)  
  43  4:17  Probe (Chrono Boost)  
  43  4:18  Probe (Chrono Boost)  
  43  4:22  Void Ray (Chrono Boost)  
  48  4:24  Protoss Air Weapons Level 1  
  48  4:27  Probe (Chrono Boost)  
  48  4:43  Stargate  
  48  4:44  Probe x2  
  50  4:47  Void Ray (Chrono Boost)  
  58  5:30  Void Ray (Chrono Boost)  
  58  5:35  Void Ray (Chrono Boost)  
  66  5:40  Void Ray (Chrono Boost)  
  66  5:43  Zealot x2  
  70  5:56  Probe x2  
  72  6:02  Void Ray (Chrono Boost)  
  76  6:08  Pylon  
  76  6:12  Pylon  
  76  6:15  Pylon, Photon Cannon, Protoss Air Armor Level 1 (Chrono Boost)  
  76  6:24  Void Ray (Chrono Boost)  
  84  6:33  Void Ray (Chrono Boost)  
  84  6:46  Void Ray (Chrono Boost)  
  88  6:48  Probe x2  
  90  6:58  Zealot x2  
  94  7:35  Void Ray (Chrono Boost)  
  102  7:42  Void Ray (Chrono Boost)  
  102  8:15  Gateway  
  102  8:16  Gateway  
  102  8:22  Probe  
  101  8:33  Photon Cannon  
  101  8:37  Photon Cannon  
  101  8:44  Pylon  
  101  8:46  Pylon  
  101  8:50  Pylon  
  101  9:01  Void Ray (Chrono Boost)  
  109  9:08  Void Ray x2 (Chrono Boost)  
  113  9:18  Photon Cannon  
  113  9:20  Photon Cannon  
  113  9:21  Photon Cannon  
  113  9:23  Photon Cannon  
  113  9:25  Photon Cannon  
  113  9:29  Photon Cannon  
  113  9:32  Photon Cannon  
  113  9:34  Photon Cannon  
  113  9:39  Photon Cannon  
  113  9:43  Photon Cannon  
  113  9:44  Void Ray x2, Nexus  
  121  9:45  Photon Cannon  
  121  9:47  Pylon  
  121  9:49  Pylon  
  121  9:50  Pylon  
  121  9:54  Pylon  
  121  9:56  Pylon  
  121  10:01  Void Ray  
  121  10:16  Stargate  
  121  10:18  Stargate  
  121  10:20  Stargate  
  75  10:32  Void Ray  
  83  10:54  Fleet Beacon  
Show
View Real Time Build Order
Export as new Build Order

DeadSoulQC Protoss 

Build Orders:  

Get SALT Encoding   

Tags
 
Add a new tag
Caveats
  • Supply blocks, unpowered buildings, or Contaminate may cause inaccurate times.
  • Supply counts are checked every 10 seconds.